Unix NetHack Version 5.0.0-0 post-release - last build Jun 10 2026 00:39:30 (3ee93aec679c4c4259841fe613dc97188e26a321,branch:main).

Game began 2026-06-19 15:13:16, ended 2026-06-20 21:09:05.

Jyopro, lawful female dwarven Valkyrie

                                                                 -.-
                                                                ....-
                                                               |......
                                                               -.. )..
                                                               ...qq..
                                                                ...@.
                                                                 .....
                                                                  .....
                                                                  .<(..
                                                                  .f...
                                                                   ...
                                                                 .@.
                                                                ......
                                                                .......
                                                                ....G..
                                                                 ......
                                                                  ....

Jyopro the Skirmisher       St:18/01 Dx:13 Co:17 In:9 Wi:8 Ch:10  Lawful
Dlvl:7  $:271 HP:0(55) Pw:5(5) AC:-2 Xp:5 T:3717 

Latest messages:
 (Tip: use the #enhance command to advance them.)
 You kill the kitten!
 You are now more skilled in spear.
 You kill the pony!
 You hit the acid blob!
 You are splashed by the acid blob's acid!
 The large cat bites the acid blob.
 The acid blob is killed!
 Pick a monster, object or location.
 The Uruk-hai hits!
 You hit the Uruk-hai!
 The Uruk-hai drinks a murky potion!
 The Uruk-hai looks completely healed.
 You miss the Uruk-hai.
 You hit the Uruk-hai!
 You hit the Uruk-hai!
 You kill the Uruk-hai!
 $ - 17 gold pieces (271 in total).
 What do you want to use or apply? [krJ or ?*] J
 You are now wearing a blindfold.
 You can't see any more.
 Pick a monster, object or location.
 What do you want to use or apply? [krJ or ?*] J
 You were wearing a blindfold.
 You can see again.
 You hear someone beseeching Tyr.
 You hear someone beseeching Tyr.
 The door opens.
 You hear some noises.
 You kill the red mold!
 You descend the stairs.
 The large cat bites the gnome.
 The gnome misses the large cat.
 The large cat misses the gnome.
 The large cat bites the gnome.
 The gnome is killed!
 The large cat bites the watchman.
 The watchman wields a spear!
 The mumak misses!
 The mumak bites!
 You miss the mumak.
 The mumak butts!
 The mumak misses!
 The mumak butts!
 You die...
 Do you want your possessions identified? [ynq] (y) y
 Do you want to see your attributes? [ynq] (y) y
 Do you want an account of creatures vanquished? [ynaq] (y) y
 Do you want to see your conduct and achievements? [ynq] (y) y
 Do you want to see the dungeon overview? [ynq] (y) y

Inventory:
 Coins    ('$')
  $ - 271 gold pieces
 Weapons  (')')
  U - 12 blessed poisoned +0 orcish arrows
  f - 6 +0 silver arrows
  V - a blessed +1 orcish bow named Blessed?
  z - 11 +0 darts
  b - 2 +0 daggers (alternate weapons; not wielded)
  a - a +1 dwarvish spear (weapon in right hand)
 Armor    ('[')
  i - an uncursed +0 orcish helm (being worn)
  d - an uncursed +0 pair of leather gloves (being worn)
  P - an uncursed +0 pair of low boots (being worn)
  c - a blessed +3 small shield (being worn)
  s - an uncursed +0 chain mail (being worn)
 Scrolls  ('?')
  p - an uncursed scroll of create monster
  v - an uncursed scroll of light
  x - a cursed scroll of magic mapping
  G - an uncursed scroll of scare monster
  B - 2 blessed scrolls of teleportation
  j - a cursed scroll of teleportation
 Potions  ('!')
  T - an uncursed potion of blindness
  m - an uncursed potion of enlightenment
  h - a cursed potion of full healing
  u - 2 uncursed potions of healing
  A - an uncursed potion of restore ability
  t - a blessed potion of sleeping
 Wands    ('/')
  k - a wand of slow monster (0:2)
 Tools    ('(')
  r - an empty uncursed sack
  J - an uncursed blindfold
 Gems/Stones  ('*')
  g - an uncursed dilithium crystal
  y - 2 uncursed jade stones
  o - an uncursed topaz stone
  D - an uncursed worthless piece of black glass
  q - 2 uncursed worthless pieces of blue glass
  C - 2 uncursed worthless pieces of violet glass
  w - 2 uncursed worthless pieces of white glass
  E - an uncursed worthless piece of yellowish brown glass

Jyopro the Valkyrie's attributes:

Background:
 You were a Skirmisher, a level 5 dwarven Valkyrie.
 You were lawful, nominally on a mission for Tyr
 who was opposed by Odin (neutral) and Loki (chaotic).
 You were right-handed.
 You were in the Gnomish Mines, on level 7.
 You entered the dungeon 3717 turns ago.
 You had 315 experience points, 5 more were needed to attain level 6.

Basics:
 You had 0 out of 55 hit points.
 You had all 5 energy points (spell power).
 Your armor class was -2.
 Your wallet contained 271 zorkmids.
 Autopickup was off.

Final Characteristics:
 Your strength was 18/01 (limit:18/100).
 Your dexterity was 13 (limit:20).
 Your constitution was 17 (limit:20).
 Your intelligence was 9 (limit:16).
 Your wisdom was 8 (limit:16).
 Your charisma was 10 (limit:16).

Final Status:
 You weren't hungry.
 You were unencumbered.
 You were wielding a spear.
 You were skilled in spear.

Final Attributes:
 You were piously aligned.
 You were cold resistant.
 You were telepathic.
 You had infravision.
 You were stealthy.
 You were warded.
 Your spell casting was impaired by metallic armor.
 You are dead.

Miscellaneous:
 You encountered 1 bones level.
 Total elapsed playing time was 1 hour, 44 minutes and 59 seconds.

Major events:
 Turn
    1: Jyopro the lawful dwarven Valkyrie entered the dungeon
  933: attained the rank of Skirmisher (level 3)
 1115: entered the Gnomish Mines
 2650: reached Mine Town
 3717: killed by a mumak

Spells:
 Name                 Level Category     Fail Retention
 clairvoyance           3   divination   100%  76%-100%

Skills:
 Fighting Skills
   bare handed combat [Unskilled]
   two weapon combat  [Unskilled]
   riding             [Unskilled]
 Weapon Skills
   dagger             [Basic]
   axe                [Unskilled]
   pick-axe           [Unskilled]
   short sword        [Unskilled]
   broadsword         [Unskilled]
   long sword         [Unskilled]
   two-handed sword   [Unskilled]
   saber              [Unskilled]
   hammer             [Unskilled]
   quarterstaff       [Unskilled]
   polearms           [Unskilled]
   spear              [Skilled]
   trident            [Unskilled]
   lance              [Unskilled]
   sling              [Unskilled]
 Spellcasting Skills
   attack spells      [Unskilled]
   escape spells      [Unskilled]

Voluntary challenges:
 Character rerolling was not enabled.
 You were an atheist.
 You never genocided any monsters.
 You never polymorphed an object.
 You never changed form.
 You used no wishes.
Achievements:
 You attained the rank of Skirmisher.
 You entered the Gnomish Mines.
 You entered Minetown.
 You entered a shop.
 You entered a temple.

 The Dungeons of Doom: levels 1 to 3
    Level 1:
    Level 2:
       Many fountains, some graves.
    Level 3:
       Stairs down to The Gnomish Mines.
 The Gnomish Mines: levels 4 to 7
    Level 4:
    Level 5:
    Level 6:
       Many shops, a temple and an altar to Tyr, some fountains.
    Level 7: <- You were here.
       A grave.
       Final resting place for
          you, killed by a mumak,
          FutureTim-Val-Hum-Fem-Law, killed by a mumak.


Vanquished creatures:
  2 watchmen
  a leprechaun
  a housecat
  3 Uruk-hai
  a rock piercer
  a pony
  a fog cloud
  a gnome leader
  a gnomish wizard
  3 gray oozes
  3 floating eyes
  3 kittens
  2 homunculi
  2 hill orcs
  a rabid rat
  a giant bat
  a monkey
  a werejackal
  2 iguanas
 an acid blob
  a hobbit
  2 manes
  5 giant rats
  a brown mold
  a yellow mold
  a red mold
 19 gnomes
  2 garter snakes
  a gecko
  3 jackals
  a fox
  5 goblins
  a sewer rat
  3 grid bugs
  4 lichens
  a kobold zombie
  2 newts
85 creatures vanquished.

No species were genocided or became extinct.

Game over:
                       ----------
                      /          \
                     /    REST    \
                    /      IN      \
                   /     PEACE      \
                  /                  \
                  |      Jyopro      |
                  |      271 Au      |
                  |   killed by a    |
                  |      mumak       |
                  |                  |
                  |                  |
                  |       2026       |
                 *|     *  *  *      | *
        _________)/\\_//(\/(/\)/\//\/|_)_______

Farvel Jyopro the Valkyrie...

You died in The Gnomish Mines on dungeon level 7 with 1814 points,
and 271 pieces of gold, after 3717 moves.
You were level 5 with a maximum of 55 hit points when you died.

